 Dungeon Sprint DCSS version 0.27.1-33-g824d729ab1 (webtiles) character file.

Game seed: 4207267468300010243

1009 Dadi the Nimble (level 8, -6/106 HPs)
             Began as a Demonspawn Berserker on Dec 20, 2021.
             Was a Priest of Trog.
             Mangled by a centaur warrior (7 damage)
             ... in the Dungeon (Sprint I: "Red Sonja").
             The game lasted 00:02:36 (761 turns).

Dadi the Nimble (Demonspawn Berserker)               Turns: 761, Time: 00:02:37

Health: -6/106     AC:  5    Str: 18    XL:     8   Next: 1%
Magic:  8/8        EV: 18    Int:  8    God:    Trog [***...]
Gold:   405        SH:  4    Dex: 15    Spells: 7/7 levels left

rFire    . . .     SeeInvis .   a - +0 mace
rCold    . . .     Faith    .   (no shield)
rNeg     . . .     Spirit   .   i - +0 ring mail
rPois    .         Reflect  .   (no helmet)
rElec    .         Harm     .   (no cloak)
rCorr    .         Rampage  .   (no gloves)
Will     .....     NoTele   +   (no boots)
Stlth    ..........             (no amulet)
HPRegen  0.27/turn              (no ring)
MPRegen  0.22/turn              (no ring)

@: berserking (expiring), very quick
A: hooves 2, repulsion field 1, magic regeneration, condensation shield
a: Renounce Religion, Berserk, Trog's Hand


You were in the Dungeon.
You worshipped Trog.
Trog was most pleased with you.
You visited 1 branch You collected 405 gold pieces.

Inventory:

Hand Weapons
 a - a +0 mace (weapon)
Armour
 b - a +0 animal skin
 i - a +0 ring mail (worn)
Wands
 d - a wand of polymorph (6)
Scrolls
 h - a scroll of blinking
 j - a scroll of brand weapon {unknown}
Potions
 c - a potion of curing
 e - a potion of haste
 f - 2 potions of magic
 g - a potion of berserk rage


   Skills:
 - Level 9.4 Fighting
 - Level 8.6 Maces & Flails
 - Level 1.7 Armour
 + Level 11.3 Dodging


You had 7 spell levels left.
You didn't know any spells.
Your spell library was empty.

Dungeon Overview and Level Annotations

Branches:
Dungeon (1/1)

Altars:
Cheibriados
Dithmenos
Elyvilon
Fedhas
Gozag
Hepliaklqana
Kikubaaqudgha
Nemelex Xobeh
Okawaru
Qazlal
Ru
Sif Muna
Trog
Uskayaw
Vehumet
Wu Jian
Yredelemnul
Zin
The Shining One

Shops:
D ?


Innate Abilities, Weirdness & Mutations

You have hoof-like feet.
You are surrounded by a mild repulsion field. (EV +2)
You regenerate magic rapidly.
A meltable shield of frost defends you. (SH +4)


Message History

The centaur warrior completely misses you.
The centaur warrior misses you. The centaur warrior kicks you.
* * * LOW HITPOINT WARNING * * *
You sock the centaur warrior!
The centaur warrior is heavily wounded.
The centaur warrior hits you.
* * * LOW HITPOINT WARNING * * *
The centaur warrior kicks you but does no damage.
You hit the centaur warrior. Your kick misses the centaur warrior.
The centaur warrior is severely wounded.
The centaur warrior hits you.
* * * LOW HITPOINT WARNING * * *
The centaur warrior barely misses you. The centaur warrior misses you. x2
You hit the centaur warrior.
The centaur warrior is severely wounded.
The centaur warrior hits you but does no damage.
The centaur warrior barely misses you. The centaur warrior hits you.
* * * LOW HITPOINT WARNING * * *
You block the centaur warrior's attack.
You are too berserk!
You completely miss the centaur warrior.
Your kick misses the centaur warrior.
The centaur warrior is severely wounded.
The centaur warrior completely misses you.
The centaur warrior kicks you.
* * * LOW HITPOINT WARNING * * *
The centaur warrior barely misses you.
The centaur warrior completely misses you.
You sock the centaur warrior! Your kick misses the centaur warrior.
The centaur warrior is almost dead.
The centaur warrior hits you but does no damage.
You block the centaur warrior's attack. The centaur warrior hits you.
* * * LOW HITPOINT WARNING * * *
The centaur warrior completely misses you.
You thump the centaur warrior!
You kill the centaur warrior!
Trog accepts your kill.
You hear a splash. x2
The centaur warrior hits you!
You die...

################
#<.#..)..#..'..#
#..)..#..').#..+
#..#####'#####'#
#..####..#...#:####§§
#..#__####..##[#§§§§§#
#..#_____##'#_.@§§§§.+
#⌠⌠#_.∩...'..._#c§§§.#
####_..__##_)#'##+####
#_____###'#.#
#########.### +...+
#...# ##.## #+#


You could see a centaur warrior.

Vanquished Creatures
  A centaur warrior (D)
  Sonja (D)
  Sigmund (D)
  A yak (D)
  An ogre (D)
  A jelly (D)
  Ijyb (D)
7 creatures vanquished.

Notes
Turn   | Place    | Note
-------+----------+-------------------------------------------
     0 | D        | Dadi the Demonspawn Berserker began the quest for the Orb.
     0 | D        | Reached XP level 1. HP: 18/18 MP: 1/1
     2 | D        | Noticed Ijyb
     7 | D        | Killed Ijyb
     8 | D        | Reached skill level 5 in Fighting
     8 | D        | Gained mutation: You are surrounded by a mild repulsion
                  | field. (EV +2) [demonic ancestry]
     8 | D        | Reached XP level 2. HP: 27/27 MP: 2/2
    72 | D        | Noticed an ogre
    80 | D        | Killed an ogre
    81 | D        | Gained mutation: A meltable shield of frost defends you.
                  | (SH +4) [demonic ancestry]
    81 | D        | Reached XP level 3. HP: 27/36 MP: 3/3
    81 | D        | Reached XP level 4. HP: 32/43 MP: 4/4
   239 | D        | Noticed Sigmund
   246 | D        | Killed Sigmund
   246 | D        | Reached ** piety under Trog
   247 | D        | Gained mutation: You have large cloven feet. [demonic
                  | ancestry]
   247 | D        | Reached XP level 5. HP: 52/52 MP: 5/5
   247 | D        | Gained mutation: You have hoof-like feet. [demonic
                  | ancestry]
   247 | D        | Reached XP level 6. HP: 59/59 MP: 6/6
   297 | D        | Found an ornate altar of the Wu Jian Council.
   297 | D        | Found a shimmering blue altar of Sif Muna.
   299 | D        | Found a radiant altar of Vehumet.
   303 | D        | Reached skill level 3 in Dodging
   449 | D        | Found Seicoarirgh's Magic Scroll Emporium.
   449 | D        | Found an ancient bone altar of Kikubaaqudgha.
   449 | D        | Found a hazy altar of Hepliaklqana.
   449 | D        | Found a stormy altar of Qazlal.
   449 | D        | Found a hide-covered altar of Uskayaw.
   449 | D        | Found a blossoming altar of Fedhas.
   449 | D        | Found a bloodstained altar of Trog.
   449 | D        | Found an iron altar of Okawaru.
   449 | D        | Found a basalt altar of Yredelemnul.
   449 | D        | Found a snail-covered altar of Cheibriados.
   449 | D        | Found a sacrificial altar of Ru.
   449 | D        | Found a shadowy altar of Dithmenos.
   449 | D        | Noticed a yak
   453 | D        | Killed a yak
   454 | D        | Reached skill level 6 in Dodging
   454 | D        | Found an opulent altar of Gozag.
   456 | D        | Found a sparkling altar of Nemelex Xobeh.
   509 | D        | Noticed Sonja
   523 | D        | HP: 1/59 [Sonja (14)]
   525 | D        | Killed Sonja
   525 | D        | Reached *** piety under Trog
   526 | D        | Reached skill level 11 in Dodging
   526 | D        | Gained mutation: You regenerate magic rapidly. [demonic
                  | ancestry]
   526 | D        | Reached XP level 7. HP: 24/64 MP: 7/7
   526 | D        | Reached XP level 8. HP: 26/71 MP: 8/8
   753 | D        | Noticed a centaur warrior
   753 | D        | Noticed a centaur warrior
   759 | D        | HP: 4/106 [centaur warrior (4)]
   760 | D        | HP: 1/106 [centaur warrior (4)]
   761 | D        | Killed a centaur warrior
   761 | D        | Mangled by a centaur warrior

Illustrated notes

Levels and vault maps discovered:
D:        dungeon_sprint_1 [red_sonja_temple_1, red_sonja_temple_small_1]

Skill      XL: |  1  2  3  4  5  6 |
---------------+-------------------+-----
Fighting       | 5 7 9 |  9.4
Maces & Flails | 4 6 8 |  8.6
Dodging        | 11 | 11.3
Armour         | |  1.7

Action                   |  1- 3 |  4- 6 |  7- 9 || total
-------------------------+-------+-------+-------++-------
Melee: Mace              |    11 |    12 |     7 ||    30
       Unarmed           |       |     7 |       ||     7
       Kick              |       |     3 |       ||     3
Invok: Berserk           |     2 |     4 |     1 ||     7
  Use: Potion            |       |     1 |       ||     1
Armor: Ring mail         |       |     2 |     4 ||     6
       Skin              |       |     3 |       ||     3
Dodge: Dodged            |     2 |    24 |    13 ||    39
Block: Other             |       |     7 |     3 ||    10
